Map: World of Sleepers LE

Players

soO - Winner!

  • Race: Zerg Zerg
  • Spawn Location: 1:00

Chappy

  • Race: Zerg Zerg
  • Spawn Location: 7:00

Event: NationWars 2019

VOD

Have the link to the VOD?

Description

Time

  • Played on: Oct. 4, 2019, 11:52 a.m.
  • Length: 10:52
Show
View Real Time Build Order
Export as new Build Order

soO Zerg - Winner!

Build Orders: Hatch First 

Get SALT Encoding   

  12  0:00  Drone  
  13  0:12  Overlord  
  13  0:17  Drone  
  14  0:31  Drone x2  
  16  0:47  Hatchery  
  15  0:51  Drone  
  15  0:54  Drone  
  17  0:57  Drone  
  18  1:08  Extractor  
  17  1:12  Spawning Pool  
  17  1:15  Drone  
  17  1:19  Drone  
  18  1:28  Drone  
  19  1:39  Drone  
  20  1:49  Overlord  
  20  1:59  Queen x2  
  20  2:00  Drone x2  
  26  2:09  Metabolic Boost  
  26  2:11  Drone x2  
  28  2:21  Drone x2  
  30  2:32  Hatchery  
  30  2:34  Drone  
  30  2:38  Zergling x2  
  30  2:44  Overlord  
  31  2:46  Drone  
  32  2:53  Drone  
  32  2:54  Drone  
  34  3:01  Evolution Chamber  
  33  3:07  Drone x2  
  33  3:08  Drone  
  33  3:09  Drone  
  33  3:10  Drone, Queen  
  40  3:15  Overlord  
  40  3:17  Drone  
  40  3:19  Drone  
  42  3:26  Overlord  
  42  3:29  Zerg Ground Armor Level 1  
  42  3:35  Drone x3  
  42  3:40  Drone x4  
  50  3:41  Drone  
  50  3:47  Zergling x6  
  50  3:48  Zergling x2  
  54  3:54  Zergling x2  
  55  3:57  Roach Warren, Zergling x2  
  55  3:58  Zergling x2  
  56  4:05  Zergling x2  
  56  4:06  Zergling x2  
  56  4:08  Zergling x2  
  59  4:14  Overlord  
  59  4:22  Extractor  
  59  4:24  Extractor  
  57  4:30  Zergling x6  
  57  4:31  Zergling x6  
  63  4:36  Overlord  
  63  4:37  Drone x3  
  66  4:40  Lair  
  66  4:57  Roach x3  
  66  4:58  Roach x5  
  82  5:02  Overlord x2  
  82  5:03  Overlord  
  82  5:08  Overlord  
  82  5:12  Overlord  
  82  5:18  Overlord  
  82  5:20  Ravager  
  83  5:22  Extractor  
  83  5:23  Zerg Missile Weapons Level 1  
  83  5:27  Drone  
  83  5:28  Drone  
  81  5:40  Roach x8  
  81  5:42  Overlord  
  96  5:43  Drone  
  96  5:44  Drone  
  94  5:51  Drone, Glial Reconstitution  
  93  5:58  Drone x3  
  93  5:59  Drone x2, Overlord  
  93  6:01  Roach x3  
  103  6:04  Zergling x8  
  103  6:14  Roach x3  
  108  6:25  Roach x4  
  116  6:28  Ravager  
  116  6:32  Roach x4  
  125  6:40  Roach x3  
  125  6:44  Overlord  
  130  6:48  Roach  
  130  6:49  Roach x3  
  130  6:51  Overlord  
  138  7:00  Roach x3  
  144  7:10  Roach x6  
  144  7:15  Zergling x6  
  158  7:32  Roach  
  158  7:33  Roach x2  
  161  7:41  Overseer  
  161  7:43  Roach x4  
Show
View Real Time Build Order
Export as new Build Order

Chappy Zerg 

Build Orders: Hatch First 

Get SALT Encoding   

  12  0:00  Drone  
  13  0:12  Overlord  
  13  0:16  Drone  
  14  0:31  Drone x2  
  16  0:48  Hatchery  
  15  0:52  Drone  
  15  0:55  Drone  
  17  0:59  Drone  
  18  1:13  Spawning Pool  
  18  1:16  Drone  
  18  1:18  Drone  
  19  1:32  Drone  
  20  1:41  Hatchery  
  19  1:50  Drone  
  19  1:53  Drone  
  21  2:01  Queen  
  21  2:04  Zergling x2  
  24  2:09  Queen  
  24  2:14  Overlord  
  27  2:22  Drone  
  27  2:23  Drone  
  28  2:33  Drone  
  28  2:34  Drone x3  
  32  2:45  Queen  
  32  2:48  Drone x2  
  36  2:57  Queen  
  36  2:58  Drone, Evolution Chamber  
  38  3:00  Drone x2  
  38  3:03  Extractor x2  
  38  3:07  Roach Warren  
  38  3:10  Drone  
  38  3:15  Evolution Chamber  
  38  3:19  Drone x3  
  40  3:24  Drone x2  
  42  3:27  Overlord  
  42  3:36  Overlord  
  42  3:45  Drone x5  
  47  3:52  Drone x2  
  47  3:53  Drone  
  47  3:54  Overlord  
  50  4:00  Drone x3  
  53  4:07  Drone x2  
  53  4:08  Drone  
  53  4:09  Drone x2  
  58  4:13  Zerg Missile Weapons Level 1  
  58  4:14  Overlord  
  58  4:17  Drone x2  
  58  4:20  Drone x2, Extractor  
  61  4:29  Lair  
  61  4:30  Drone x4  
  65  4:32  Drone, Extractor  
  65  4:34  Drone x3  
  68  4:41  Drone x2  
  68  4:42  Drone x3  
  68  4:45  Extractor  
  72  4:46  Overlord  
  72  4:52  Zerg Ground Armor Level 1  
  72  4:58  Roach  
  74  5:01  Overlord x2  
  74  5:02  Overlord  
  74  5:12  Roach x4  
  81  5:14  Overlord x2  
  81  5:20  Roach x4  
  88  5:31  Roach x2  
  88  5:38  Roach  
  88  5:39  Roach x3  
  88  5:42  Roach x3  
  99  5:46  Roach  
  97  5:50  Roach  
  97  5:54  Roach x6  
  105  6:09  Roach x3  
  108  6:16  Queen  
  108  6:17  Queen  
  112  6:19  Hatchery  
  112  6:20  Roach x4  
  119  6:27  Drone x3  
  119  6:28  Overlord  
  119  6:32  Glial Reconstitution  
  122  6:39  Overlord, Evolution Chamber  
  122  6:48  Roach x2  
  122  6:49  Roach x2  
  122  6:51  Overlord  
  122  6:53  Overlord  
  131  7:01  Roach  
  131  7:03  Roach x3  
  135  7:10  Roach  
  135  7:17  Roach  
  135  7:18  Roach  
  135  7:22  Roach  
  135  7:27  Roach  
  127  7:32  Roach x6  
  127  7:34  Roach x6  
Tags
 
Add a new tag
Caveats
  • Supply blocks, unpowered buildings, or Contaminate may cause inaccurate times.
  • Supply counts are checked every 10 seconds.